 Dungeon Crawl Stone Soup version 0.32-a0-163-g159c032 (webtiles) character file.

Game seed: 9336806693411432204

7203 Dorkslayer the Cleaver (level 11, -7/94 HPs)
             Began as a Hill Orc Fighter on Feb 11, 2024.
             Was a Priest of the Shining One.
             Mangled by a warg (17 damage)
             ... on level 10 of the Dungeon.
             The game lasted 00:25:44 (10132 turns).

Dorkslayer the Cleaver (Hill Orc Fighter)          Turns: 10132, Time: 00:25:45

Health: -7/94      AC: 18    Str: 24    XL:     11   Next: 11%
Magic:  23/23      EV:  8    Int:  8    God:    the Shining One [***...]
Gold:   368        SH:  5    Dex: 10    Spells: 10/10 levels left

rFire   . . .        a - +1 war axe
rCold   . . .        c - +0 buckler
rNeg    + . .        f - +0 plate armour
rPois   .            v - +0 helmet
rElec   .            o - +0 cloak
rCorr   .            b - +1 pair of gloves
SInv    .            (no boots)
Will    .....        (no amulet) Stlth
                     s - ring of magical power
HPRegen 0.35/turn    m - ring of flight
MPRegen 0.18/turn

%: no passive effects
@: flying, glowing
A: no striking features
a: Renounce Religion, Divine Shield, Cleansing Flame


You were on level 10 of the Dungeon.
You worshipped the Shining One.
The Shining One was most pleased with you.
You visited 3 branches of the dungeon, and saw 12 of its levels.

You collected 680 gold pieces.
You spent 312 gold pieces at shops.

Inventory:

Hand Weapons
 a - a +1 war axe (weapon)
 g - a +3 mace
 E - the +2 mace of the Telling Gods {heavy, rN+ rCorr}
   (You bought it in a shop on level 10 of the Dungeon)

   rN+:       It protects you from negative energy.
   rCorr:     It protects you from acid and corrosion.
Missiles
 e - 13 boomerangs (quivered)
 l - 6 javelins
 p - 3 throwing nets
Armour
 b - a +1 pair of gloves (worn)
 c - a +0 buckler (worn)
 f - a +0 plate armour (worn)
 o - a +0 cloak (worn)
 v - a +0 helmet (worn)
Jewellery
 i - an amulet of magic regeneration
 m - a ring of flight (right hand)
 s - a ring of magical power (left hand)
 x - an amulet of regeneration
Wands
 d - a wand of flame (16)
 h - a wand of paralysis (20)
 k - a wand of mindburst (5)
 A - a wand of roots (6)
Scrolls
 j - 3 scrolls of poison
 n - 2 scrolls of enchant armour
 q - 2 scrolls of teleportation
 r - 3 scrolls of fog
 u - 3 scrolls of blinking
 w - 3 scrolls of enchant weapon
 y - a scroll of fear
 B - a scroll of immolation
 F - a scroll of identify
Potions
 t - 2 potions of enlightenment
 z - a potion of magic
 C - a potion of berserk rage


   Skills:
 + Level 7.9 Fighting
 + Level 12.6 Axes
 + Level 8.0 Armour
 * Level 5.4 Dodging
 + Level 5.0 Shields
 * Level 5.1 Invocations
 * Level 6.0 Evocations


You had 10 spell levels left.
You didn't know any spells.
Your spell library contained the following spells:

 Spells                   Type           Power      Damage    Failure   Level
 Magic Dart               Conj           0%         1d3       100%        1
 Sting                    Conj/Alch      0%         1d3       100%        1
 Blink                    Tloc           0%         N/A       100%        2
 Call Imp                 Summ           0%         N/A       100%        2
 Mercury Vapours          Alch/Air       0%         N/A       100%        2
 Sublimation of Blood     Necr           0%         N/A       100%        2
 Ozocubu's Armour         Ice            0%         N/A       100%        3
 Anguish                  Hex/Necr       0%         N/A       100%        4
 Cause Fear               Hex            0%         N/A       100%        4
 Olgreb's Toxic Radiance  Alch           0%         N/A       100%        4
 Petrify                  Alch/Erth      0%         N/A       100%        4
 Irradiate                Conj/Alch      0%         3d11      100%        5
 Metabolic Englaciation   Hex/Ice        0%         N/A       100%        5
 Sculpt Simulacrum        Ice/Alch       0%         N/A       100%        6
 Enfeeble                 Hex            0%         N/A       100%        7


Dungeon Overview and Level Annotations

Branches:
Dungeon (10/15)            Temple (1/1) D:5            Lair (0/5) D:9
    Orc (1/2) D:10

Altars:
Ashenzari
Cheibriados
Dithmenos
Elyvilon
Fedhas
Gozag
Hepliaklqana
Kikubaaqudgha
Makhleb
Nemelex Xobeh
Okawaru
Qazlal
Ru
Sif Muna
Trog
Uskayaw
Vehumet
Wu Jian
Xom
Yredelemnul
Zin
The Shining One

Shops:
D:7 :   D:10 *

Portals:
Abyss: D:1***


Message History

The warg closely misses you. The warg bites you but does no damage.
You slash the warg!
The warg is severely wounded.
The warg completely misses you.
You barely miss the warg.
The warg is severely wounded.
You hit the warg. The warg bites you! You block the warg's attack. x2
The warg bites you!
You barely miss the warg.
The warg is severely wounded.
You hit the warg but do no damage. The warg bites you! The warg bites you.
You hit the warg.
The warg is severely wounded.
You hit the warg. The warg bites you but does no damage. The warg bites you!
* * * LOW HITPOINT WARNING * * *
An orc priest comes into view. It is wielding a +0 flail.
Unknown command.
The warg attacks as it pursues you! The warg closely misses you.
The warg bites you!
* * * LOW HITPOINT WARNING * * *
The warg bites you but does no damage. x2
There is a staircase back to the Dungeon, spattered with blood here.
The warg bites you.
* * * LOW HITPOINT WARNING * * *
The warg bites you!
* * * LOW HITPOINT WARNING * * *
You fly upwards.
Welcome back to the Dungeon!
There is a staircase to the Orcish Mines here.
You feel better. The warg barely misses you.
The warg bites you but does no damage. The warg bites you.
* * * LOW HITPOINT WARNING * * *
The warg bites you but does no damage.
You hit the warg but do no damage.
The warg is severely wounded.
You hit the warg. The warg bites you but does no damage.
The warg barely misses you.
You barely miss the warg.
The warg is severely wounded.
You hit the warg but do no damage. The warg bites you!
You die...

#######......######'#####........
#......#.........<#........
#....###...#####..'........
#..#####.....######........
#..#......ß......##........
#..#.............##........
#.##.............##..######
#...)....h.h......#..# #
#...ß.....@.....ß....# #
#.#..................# #
#.##............)##..# #
#..#.............##..######
#..#......ß......#.........
#..#####.....#####.........
#######........<.................
.................)...............
.................................


You could see 2 wargs.

Vanquished Creatures
  Erolcha (D:9)
  A two-headed ogre (D:10)
  The ghost of Dorkslayer the Martial Artist, a novice OpFi of Dithmenos (D:7)
  The ghost of yapang the Summoner, a novice DrSu of Sif Muna (D:7)
  A gargoyle (D:10)
  A troll (D:9)
  2 hornets
  2 wyverns
  A steam dragon (D:7)
  A two-headed ogre zombie (D:10)
  An acid dragon (D:10)
  2 water moccasins
  3 orc warriors
  3 sky beasts
  An ice beast (D:8)
  3 ogres (D:5)
  A black bear (D:5)
  3 centaurs
  2 phantoms
  3 bullfrogs
  3 scorpions
  2 troll zombies (D:10)
  3 killer bees (D:8)
  A howler monkey (D:6)
  6 bombardier beetles
  3 hounds
  3 jellies
  6 orc priests
  Ijyb (D:4)
  7 iguanas
  10 orc wizards
  3 ogre zombies (D:10)
  9 adders
  7 gnolls
  A white imp (D:5)
  A ribbon worm (D:4)
  A dart slug (D:4)
  36 orcs
  5 ball pythons
  4 bats
  3 endoplasms
  6 giant cockroaches
  3 gnoll zombies (D:10)
  15 goblins
  8 hobgoblins
  8 jackals
  3 quokkas
  4 frilled lizards
  3 gnoll skeletons (D:10)
  6 kobolds
  4 orc skeletons (D:10)
  13 orc zombies (D:10)
  2 rats (D:2)
224 creatures vanquished.

Notes
Turn   | Place    | Note
-------+----------+-------------------------------------------
     0 | D:1      | Dorkslayer the Hill Orc Fighter began the quest for the
                  | Orb.
     0 | D:1      | Reached XP level 1. HP: 19/19 MP: 1/1
   247 | D:1      | Reached XP level 2. HP: 27/27 MP: 2/2
   953 | D:2      | Reached skill level 3 in Axes
   997 | D:2      | Reached XP level 3. HP: 33/33 MP: 3/3
  1310 | D:2      | Reached skill level 1 in Dodging
  1310 | D:2      | Reached XP level 4. HP: 34/40 MP: 4/4
  1578 | D:3      | Reached skill level 4 in Axes
  1777 | D:3      | Reached XP level 5. HP: 23/46 MP: 5/5
  2119 | D:3      | Reached skill level 5 in Axes
  2603 | D:4      | Noticed a phantom
  2619 | D:4      | Killed a phantom
  2620 | D:4      | Reached XP level 6. HP: 39/53 MP: 6/6
  2699 | D:4      | Reached skill level 6 in Axes
  2712 | D:4      | Noticed an orc warrior
  2738 | D:4      | Killed an orc warrior
  2942 | D:4      | Noticed Ijyb
  2953 | D:4      | Reached XP level 7. HP: 32/60 MP: 7/7
  2958 | D:4      | Killed Ijyb
  3298 | D:4      | Reached skill level 7 in Axes
  3601 | D:4      | Reached skill level 1 in Evocations
  3836 | D:5      | Entered Level 5 of the Dungeon
  3836 | D:5      | Found a staircase to the Ecumenical Temple.
  3844 | D:5      | Reached skill level 5 in Armour
  3857 | D:5      | Reached skill level 5 in Fighting
  3957 | D:5      | Reached XP level 8. HP: 60/68 MP: 8/8
  3962 | D:5      | Reached skill level 8 in Axes
  4974 | Temple   | Entered the Ecumenical Temple
  5034 | Temple   | Became a worshipper of the Shining One
  5635 | D:6      | Reached skill level 9 in Axes
  5659 | D:6      | Reached XP level 9. HP: 74/74 MP: 9/9
  5872 | D:7      | Found Uheid's Book Boutique.
  6095 | D:7      | Reached skill level 10 in Axes
  6367 | D:7      | Noticed a hornet
  6371 | D:7      | Paralysed by a hornet for 1 turns
  6375 | D:7      | Killed a hornet
  6667 | D:7      | Found a runed translucent gate.
  6669 | D:7      | Found a runed translucent gate.
  6669 | D:7      | Found a runed translucent gate.
  6672 | D:7      | Noticed yapang's ghost (novice DrSu)
  6672 | D:7      | Noticed Dorkslayer's ghost (novice OpFi)
  6785 | D:7      | Found a glowing silver altar of Zin.
  7014 | D:7      | Killed yapang's ghost
  7024 | D:7      | Killed Dorkslayer's ghost
  7025 | D:7      | Reached skill level 11 in Axes
  7025 | D:7      | Reached XP level 10. HP: 84/84 MP: 10/10
  7331 | D:8      | Found a radiant altar of Vehumet.
  7349 | D:8      | Reached skill level 5 in Evocations
  7447 | D:8      | Reached skill level 1 in Invocations
  7686 | D:9      | Identified the serpent talisman "Uwkam" {rF+ Str+4 Dex-3}
  7949 | D:9      | Found a staircase to the Lair.
  7951 | D:9      | Noticed Erolcha
  7964 | D:9      | Killed Erolcha
  7964 | D:9      | HP: 2/86 [wyvern (5)]
  8240 | D:9      | Reached skill level 5 in Shields
  8321 | D:9      | Reached skill level 12 in Axes
  8321 | D:9      | Reached skill level 5 in Dodging
  8669 | D:10     | Entered Level 10 of the Dungeon
  8669 | D:10     | Reached * piety under the Shining One
  8669 | D:10     | Reached ** piety under the Shining One
  8669 | D:10     | Found a staircase to the Orcish Mines.
  8683 | D:10     | HP: 4/86 [poisoned by you (poison gas)]
  8687 | D:10     | HP: 1/86 [poisoned by you (poison gas)]
  8972 | D:10     | Identified the +7 falchion "Plog" {drain, rF+ rN+ Dex+6}
  8985 | D:10     | Noticed a gargoyle
  9002 | D:10     | Killed a gargoyle
  9170 | D:10     | Noticed a two-headed ogre
  9180 | D:10     | HP: 3/88 [two-headed ogre/+0 giant spiked club (13)]
  9182 | D:10     | Killed a two-headed ogre
  9183 | D:10     | Reached XP level 11. HP: 4/94 MP: 14/14
  9471 | D:10     | Found Ciluluk's Assorted Antiques.
  9473 | D:10     | Found a bloodstained altar of Trog.
  9503 | D:10     | Bought a scroll labelled USMIHOTZ NATE for 26 gold pieces
  9503 | D:10     | Bought a potion of curing for 78 gold pieces
  9503 | D:10     | Bought a fading mace for 208 gold pieces
  9503 | D:10     | Identified the +2 mace of the Telling Gods {heavy, rN+
                  | rCorr} (You bought it in a shop on level 10 of the Dungeon)
  9685 | D:10     | Reached skill level 5 in Invocations
  9762 | D:10     | Reached *** piety under the Shining One
  9886 | D:10     | Found a burning altar of Makhleb.
 10119 | Orc:1    | Entered Level 1 of the Orcish Mines
 10128 | Orc:1    | HP: 4/94 [warg (7)]
 10132 | D:10     | Mangled by a warg

Illustrated notes

Levels and vault maps discovered:
D:1:      minmay_arrival_glassed_features, layout_basic
D:2:      layout_basic, st_stairs_7
D:3:      layout_basic
D:4:      layout_loops_ring, uniq_ijyb
D:5:      layout_basic, minmay_temple_entry_tees
D:6:      layout_basic
D:7:      layout_basic, zin_scriptorium, gammafunk_ghost_cemetery, serial_shops,
          shop_fountains
D:8:      layout_rooms, kennysheep_mini, nicolae_the_louvre
D:9:      layout_roguey, dpeg_oklobed_lair, minivault_10, uniq_erolcha
D:10:     layout_irregular_city, mainiacjoe_overflow_catch_the_wave,
          zombieorc2_lemuel, serial_shops, nicolae_shop_tiny_real_fake_doors
Temple:   regret_index_temple_chain_breaker
Orc:1:    layout_caves

Skill      XL: |  1  2  3  4  5  6  7  8  9 10 11 |
---------------+----------------------------------+-----
Axes           | 3 4 5 6 7 9 11 12 | 12.6
Fighting       | 4 5 6 7 |  7.9
Dodging        | 1 2 3 4 5 |  5.4
Armour         | 4 5 6 7 8 |  8.0
Shields        | 4 5 |  5.0
Evocations     | 1 3 4 6 |  6.0
Invocations    | 4 5 |  5.1

Action                     |  1- 3 |  4- 6 |  7- 9 | 10-12 || total
---------------------------+-------+-------+-------+-------++-------
  Melee: War axe           |    88 |   139 |   353 |   247 ||   827
  Throw: Boomerang         |       |       |       |     1 ||     1
  Evoke: Wand              |       |       |       |     3 ||     3
    Use: Potion            |       |     5 |     3 |     3 ||    11
         Scroll            |       |       |    17 |     5 ||    22
 Armour: Plate armour      |    75 |   134 |   333 |   224 ||   766
         Scale mail        |     1 |       |       |       ||     1
  Dodge: Dodged            |    27 |    51 |    84 |    97 ||   259
  Block: Buckler           |    20 |    30 |    75 |    44 ||   169

Table legend: (Time is in decaauts)
 A = Elapsed time spent in this place.
 B = Non-inter-level travel time spent in this place.
 C = Inter-level travel time spent in this place.
 D = Time resting spent in this place.
 E = Time spent auto-exploring this place.
 F = Levels seen in this place.
 G = Mean time per level.
                   A        B        C        D        E       F      G
               +--------+--------+--------+--------+--------+-----+--------+
         Total |  10229 |  10229 |      0 |    480 |   5718 |  12 |  852.4 |
       Dungeon |  10139 |  10139 |      0 |    480 |   5718 |  10 | 1013.9 |
        Temple |     80 |     80 |      0 |      0 |      0 |   1 |   80.0 |
  Orcish Mines |      9 |      9 |      0 |      0 |      0 |   1 |    9.0 |
               +--------+--------+--------+--------+--------+-----+--------+

Top non-repeatable levels by time:
    D:10: 1438 daAuts
     D:4: 1408 daAuts
     D:7: 1295 daAuts
     D:5: 1168 daAuts
     D:9: 1028 daAuts
     D:3: 957 daAuts
     D:1: 897 daAuts
     D:6: 719 daAuts
     D:2: 661 daAuts
     D:8: 563 daAuts
  Temple: 80 daAuts
   Orc:1: 9 daAuts
